 Dungeon Crawl Stone Soup version 0.19.0-19-g8c6edcc (webtiles) character file.

1429 Chiseanne the Skirmisher (level 8, 0/64 HPs)
             Began as a Demonspawn Hunter on Nov 12, 2016.
             Succumbed to a gnoll sergeant's poison
             ... on level 6 of the Dungeon.
             The game lasted 00:11:19 (6983 turns).

Chiseanne the Skirmisher (Demonspawn Hunter)        Turns: 6983, Time: 00:11:20

Health: 0/64       AC:  9    Str: 18    XL:     8   Next: 44%
Magic:  5/10       EV: 15    Int: 11    God:
Gold:   173        SH:  0    Dex: 20    Spells: 1 memorised, 6 levels left

rFire  . . .     SeeInvis .       - Unarmed
rCold  . . .     Gourm    .     z - +0 chain mail {rN+}
rNeg   + . .     Faith    .     (no shield)
rPois  .         Spirit   +     (helmet unavailable)
rElec  .         Reflect  .     (no cloak)
rCorr  .         Harm     .     (no gloves)
MR     .....                    (no boots)
Stlth  +.........               (no amulet)
                                (no ring)
                                D - ring of stealth

@: mighty, agile, lethally poisoned (0 -> -37), flying, invisible
A: claws 1, horns 3, dopey 1, magic shield, magic regeneration, MP-powered wands
a: no special abilities


You were on level 6 of the Dungeon.
You were not hungry.

You visited 1 branch of the dungeon, and saw 6 of its levels.

You collected 173 gold pieces.

Inventory:

Hand Weapons
 F - a +2 dire flail of protection
Missiles
 e - 85 bolts
 l - 11 poisoned needles
 m - 179 stones (quivered)
 r - 79 arrows
 y - 38 sling bullets
Armour
 z - a +0 chain mail of positive energy (worn)
Jewellery
 w - an uncursed ring of flight
 D - a ring of stealth (left claw)
Wands
 v - a wand of digging (20/24)
Scrolls
 d - a scroll of enchant weapon
 k - 6 scrolls of remove curse
 s - a scroll of magic mapping
Potions
 o - a potion of heal wounds {unknown}
 p - a potion of degeneration {unknown}
 A - a potion of brilliance
 B - a potion of cancellation
 E - a potion of might
Comestibles
 a - 11 fruits
 c - a royal jelly
 f - 5 bread rations
 j - 5 meat rations
 q - a slice of pizza
 t - 6 chunks of flesh
 C - 2 beef jerkies


   Skills:
 * Level 6.3 Fighting
 - Level 3.6 Throwing
 * Level 3.4 Armour
 * Level 4.4 Dodging
 - Level 0.8 Stealth
 * Level 3.5 Unarmed Combat
 * Level 3.9 Evocations


You had 6 spell levels left.
You knew the following spells:

 Your Spells              Type           Power        Failure   Level  Hunger
a - Apportation           Tloc           #.........   100%        1    ##.....


Dungeon Overview and Level Annotations

Branches:
Dungeon (6/15)
 Temple: D:4-7

Altars:


Innate Abilities, Weirdness & Mutations

You have sharp fingernails.
You have a pair of large horns on your head.
When hurt, damage is shared between your health and your magic reserves.
You regenerate magic rapidly.
You are dopey. (Int -2)
You expend magic power (3 MP) to strengthen your wands.


Message History

You feel very sick.
The gnoll hits you from afar with a halberd!
* * * LOW HITPOINT WARNING * * *
The gnoll sergeant misses you.
It was a potion of mutation.
You feel extremely strange.
You feel stupid.
You feel your magical essence link to your wands.
The horns on your head grow some more.
* * * LOW HITPOINT WARNING * * *
You feel very sick. The gnoll barely misses you.
The gnoll sergeant closely misses you.
It was a potion of flight.
You feel very buoyant.
You fly up into the air.
* * * LOW HITPOINT WARNING * * *
You feel very sick. The gnoll sergeant barely misses you.
The gnoll barely misses you.
It was a potion of invisibility.
You fade into invisibility!
You die...

....####.# ##. #.(.....>.
###.#..... ....###.#
#.#.##.# #.....[# #.#.##.#
#####..# ###.#.##.# #..#
.........#########..#
.##.###.............####.##
.##รท#
#.#..........(....... .##.#
#.#.###.gg@..(.....#. .##.#
#.#.# #(####(####.#.# ..#.#
#.#.# #.# #.# .. #...#
#.#.# #.# #(# ## ..###
#.#.# #.# #.# .## #.#.# #.#
#.# .# # # #.## #.. .#
#.#.##...##### .#
###...#.g...###


You could see a gnoll sergeant and a gnoll.

Vanquished Creatures
  Edmund (D:6)
  2 water moccasins (D:5)
  An ice beast (D:6)
  A necrophage (D:6)
  2 ogres (D:4)
  A centaur (D:5)
  A scorpion (D:6)
  A crimson imp (D:6)
  A centaur zombie (D:6)
  A jelly (D:5)
  A hound (D:5)
  An orc priest (D:5)
  3 orc wizards
  An iguana (D:5)
  Terence (D:3)
  Natasha (twice) (D:3)
  2 worker ants
  Robin (D:3)
  4 gnolls
  7 adders
  An ooze (D:3)
  7 worms
  4 dart slugs
  4 leopard geckos
  8 orcs
  2 ball pythons
  6 bats
  4 giant cockroaches
  20 goblins
  7 hobgoblins
  8 jackals
  2 quokkas (D:3)
  6 frilled lizards
  9 kobolds
  3 leopard gecko skeletons (D:4)
  8 rats
134 creatures vanquished.

Vanquished Creatures (others)
  A jackal (D:4)
1 creature vanquished.

Grand Total: 135 creatures vanquished

Notes
Turn   | Place    | Note
-------+----------+-------------------------------------------
     0 | D:1      | Chiseanne the Demonspawn Hunter began the quest for the Orb.
     0 | D:1      | Reached XP level 1. HP: 16/16 MP: 1/1
   275 | D:1      | Gained mutation: You have sharp fingernails. [demonic ancestry]
   275 | D:1      | Reached XP level 2. HP: 23/23 MP: 2/2
   343 | D:1      | Reached skill level 3 in Fighting
   783 | D:2      | Gained mutation: You have a pair of small horns on your head. [demonic ancestry]
   783 | D:2      | Reached XP level 3. HP: 27/29 MP: 3/3
  1242 | D:2      | Reached skill level 4 in Fighting
  1696 | D:2      | Gained mutation: When hurt, damage is shared between your health and your magic reserves. [demonic ancestry]
  1696 | D:2      | Reached XP level 4. HP: 31/37 MP: 4/4
  2803 | D:3      | Noticed Terence
  2812 | D:3      | Killed Terence
  2812 | D:3      | Reached skill level 1 in Unarmed Combat
  2812 | D:3      | Reached skill level 1 in Evocations
  2812 | D:3      | Reached XP level 5. HP: 41/43 MP: 5/5
  2867 | D:3      | Noticed Robin
  2893 | D:3      | Killed Robin
  3626 | D:3      | Noticed Natasha
  3629 | D:3      | Killed Natasha
  3629 | D:3      | Reached skill level 5 in Fighting
  3725 | D:3      | Noticed Natasha
  3732 | D:3      | Killed Natasha
  3758 | D:3      | Reached XP level 6. HP: 45/51 MP: 3/6
  4031 | D:4      | Reached skill level 1 in Armour
  4917 | D:4      | Learned a level 1 spell: Apportation
  4934 | D:5      | Entered Level 5 of the Dungeon
  4946 | D:5      | Gained mutation: You have a pair of horns on your head. [demonic ancestry]
  4946 | D:5      | Reached XP level 7. HP: 33/56 MP: 5/8
  6597 | D:6      | Gained mutation: You regenerate magic rapidly. [demonic ancestry]
  6597 | D:6      | Reached XP level 8. HP: 62/64 MP: 10/10
  6641 | D:6      | Reached skill level 6 in Fighting
  6777 | D:6      | Noticed Edmund
  6804 | D:6      | Killed Edmund
  6981 | D:6      | Gained mutation: You are dopey. (Int -2) [potion of mutation]
  6981 | D:6      | Gained mutation: You expend magic power (3 MP) to strengthen your wands. [potion of mutation]
  6981 | D:6      | Gained mutation: You have a pair of large horns on your head. [potion of mutation]
  6982 | D:6      | HP: 3/64 [poisoned by a gnoll sergeant]
  6983 | D:6      | Succumbed to a gnoll sergeant's poison

Skill      XL: |  1  2  3  4  5  6  7  8 |
---------------+-------------------------+-----
Fighting       | 3 4 5 6 |  6.3
Dodging        | 2 3 4 |  4.4
Unarmed Combat | 1 2 3 |  3.5
Evocations     | 1 2 3 |  3.9
Armour         | 2 3 |  3.4
Throwing       | |  3.6
Stealth        | |  0.8

Action                   |  1- 3 |  4- 6 |  7- 9 || total
-------------------------+-------+-------+-------++-------
Melee: Short sword       |    98 |       |       ||    98
       Hand axe          |    15 |   277 |    62 ||   354
       Headbutt          |     6 |    44 |    38 ||    88
       Punch             |       |     1 |     1 ||     2
       Unarmed           |       |       |   109 ||   109
Throw: Javelin           |    16 |    27 |     5 ||    48
       Throwing net      |     1 |     1 |     1 ||     3
       Tomahawk          |       |     2 |    27 ||    29
       Stone             |       |       |     1 ||     1
  Use: Scroll            |       |    13 |     2 ||    15
       Potion            |       |     1 |     6 ||     7
 Stab: Held in net/web   |     2 |       |       ||     2
       Sleeping          |     1 |       |       ||     1
  Eat: Chunk             |     3 |    10 |     7 ||    20
Armor: Leather armour    |    31 |    27 |       ||    58
       Scale mail        |       |    85 |     6 ||    91
       Chain mail        |       |       |    82 ||    82
Dodge: Dodged            |    75 |   206 |    65 ||   346
